 Dungeon Crawl Stone Soup version 0.29.0-4-gdea44cf6ec (webtiles) character file.

Game seed: 12581928718931885970

4 qw the Trooper (level 1, -2/18 HPs)
             Began as a Barachi Chaos Knight on Sept 7, 2022.
             Slain by a chaos spawn (10 damage)
             ... summoned by Xom
             ... on level 1 of the Dungeon.
             The game lasted 00:00:01 (45 turns).

qw the Trooper (Barachi Chaos Knight)                 Turns: 45, Time: 00:00:01

Health: -2/18      AC:  5    Str: 13    XL:     1   Next: 60%
Magic:  1/1        EV: 11    Int: 12    God:
Gold:   0          SH:  0    Dex: 11    Spells: 0/0 levels left

rFire   . . .      SeeInvis .   a - +0 hand axe (chaos)
rCold   . . .      Faith    .   (no shield)
rNeg    . . .      Spirit   .   b - +2 leather armour
rPois   .          Reflect  .   (no helmet)
rElec   .          Harm     .   (no cloak)
rCorr   .          Rampage  .   (no gloves)
Will    .....                   (no boots)
Stlth   +.........              (no amulet)
HPRegen 0.06/turn               (no ring)
MPRegen 0.07/turn               (no ring)

@: slow
A: amphibious, slowness 1, strong legs 1, +LOS
a: Hop


You were on level 1 of the Dungeon.
You visited 1 branch of the dungeon, and saw 1 of its levels.


Innate Abilities, Weirdness & Mutations

You are amphibious.
You cover ground slowly.
You can hop short distances.
You have an extended range of vision and can be seen from far away.


   Skills:
 - Level 3.6 Fighting
 + Level 3.6 Axes
 - Level 2.4 Armour
 - Level 1.1 Dodging


You couldn't memorise any spells.
You didn't know any spells.
Your spell library was empty.

Inventory:

Hand Weapons
 a - a +0 hand axe of chaos (weapon)
Armour
 b - a +2 leather armour (worn)
Miscellaneous
 c - a piece from Xom's chessboard (15/15)

Dungeon Overview and Level Annotations

Branches:
Dungeon (1/15)

Altars:


Message History

0 ||| PLANNING D:1-11 Really renounce your faith, foregoing its fabulous benefits?
Are you sure?
You have lost your religion!
Xom does not appreciate desertion!
You open the door.
A bat and a dart slug come into view.
Found a robe and 9 gold pieces.
Enter note:
Found a robe.
The bat closely misses you. The dart slug launches a dart at you.
The slug dart hits you.
There is an open door here.
You hit the dart slug. You burn the dart slug.
The dart slug is almost dead.
The bat hits you.
You hit the dart slug. You freeze the dart slug.
You kill the dart slug!
The bat hits you but does no damage. The bat hits you but does no damage.
You hit the bat. You freeze the bat.
You kill the bat!
You start resting. "Time to have some fun!"
A rust devil comes into view.
You hit the iron imp.
Space warps horribly around the iron imp!
The iron imp is severely wounded.
You hit the shadow imp. You hit the crimson imp.
You completely miss the chaos spawn. You barely miss the iron imp.
You punch the iron imp.
The iron imp is almost dead.
You hit the chaos spawn but do no damage.
You hit the shadow imp but do no damage.
You hit the crimson imp but do no damage.
The orange demon stings you from afar! The shadow imp barely misses you.
The chaos spawn gores you!
Ouch! That really hurt!
You die...

### ######## # #..
#..##..# [.######
#..##..##..# .....$..
#..##..### #.....54
###..##..###
#.....55####..##..##..#
#.....45@45#..##.<##..#
#.....54##5###..##..###
#.....45 #.###..##..#
#....... #....##..##..
.......# #....##..#
.... .......
#....##........#
.......
#.#####.##.###.#
##..... ...# #.# .# .#
#.... ....# #.. # #


You could see an orange demon (summoned), an ice devil (summoned), 2 rust
devils, a chaos spawn (summoned), an iron imp (summoned), 3 crimson imps, 2
white imps and 2 shadow imps.

Vanquished Creatures
  A dart slug (D:1)
  A bat (D:1)
2 creatures vanquished.

Notes
Turn   | Place    | Note
-------+----------+-------------------------------------------
     0 | D:1      | qw the Barachi Chaos Knight began the quest for the Orb.
     0 | D:1      | Reached XP level 1. HP: 18/18 MP: 1/1
     0 | D:1      | 0 ||| qw: Version: 0.1-a-108-g9e35731
     0 | D:1      | 0 ||| qw: Game counter: 6518
     0 | D:1      | 0 ||| qw: Always use a shield: true
     0 | D:1      | 0 ||| qw: God list: Okawaru
     0 | D:1      | 0 ||| qw: Allow faded altars: false
     0 | D:1      | 0 ||| qw: Do Orc after D:15 true
     0 | D:1      | 0 ||| qw: Do second Lair branch before Depths: true
     0 | D:1      | 0 ||| qw: Lair rune preference: random
     0 | D:1      | 0 ||| qw: Plans: Normal
     0 | D:1      | 0 ||| PLANNING D:1-11
     0 | D:1      | Fell from the grace of Xom
    43 | D:1      | XOM: summons 13 hostile demons
    44 | D:1      | Noticed a rust devil
    44 | D:1      | Noticed an orange demon
    44 | D:1      | Noticed a chaos spawn
    44 | D:1      | Noticed a crimson imp
    44 | D:1      | Noticed a crimson imp
    44 | D:1      | Noticed an ice devil
    44 | D:1      | Noticed an iron imp
    44 | D:1      | Noticed a rust devil
    44 | D:1      | Noticed a crimson imp
    45 | D:1      | Slain by a chaos spawn

Levels and vault maps discovered:
D:1:      lightli_iron_boxes, layout_basic,
          dreamdust_ecumenical_altar_hidden_monk_grotto,
          grunt_decor_mini_mirrors, minivault_5, nrook_loot_triangle

Action                   || total
-------------------------++-------
Melee: Hand axe          ||     5
       Punch             ||     1
Invok: Renounce Religion ||     1
Armor: Leather armour    ||     2
Dodge: Dodged            ||     2

Table legend:
 A = Non-vault XP
 B = Vault XP
 C = Vault XP percentage of total XP
 D = Non-vault monster count
 E = Vault monster count
 F = Vault count percentage of total count
                 A         B        C        D         E       F
            +---------+---------+-------+---------+---------+-------
      Total |       6 |       0 |   0.0 |       2 |       0 |   0.0
            +---------+---------+-------+---------+---------+-------
        D:1 |       6 |       0 |   0.0 |       2 |       0 |   0.0
            +---------+---------+-------+---------+---------+-------
